Map: Dusty Gorge

Players

IconicHail - Winner!

  • Race: Protoss Protoss
  • Spawn Location: 3:00

PureLegacy - Winner!

  • Race: Terran Terran
  • Spawn Location: 5:00

Funkmasta

  • Race: Protoss Protoss
  • Spawn Location: 11:00

Frumious

  • Race: Zerg Zerg
  • Spawn Location: 9:00

VOD

Have the link to the VOD?

Description

Time

  • Played on: Nov. 21, 2018, 10:04 a.m.
  • Length: 9:08
Show
View Real Time Build Order
Export as new Build Order

IconicHail Protoss - Winner!

Build Orders:  

Get SALT Encoding   

  12  0:04  Probe  
  13  0:18  Pylon  
  13  0:24  Probe  
  14  0:32  Probe  
  14  0:40  Probe  
  16  0:50  Probe  
  16  0:56  Gateway  
  17  0:58  Probe  
  17  1:03  Pylon  
  18  1:06  Probe  
  19  1:16  Probe  
  20  1:33  Probe  
  21  1:45  Probe  
  22  1:53  Zealot  
  24  1:57  Probe  
  25  2:05  Assimilator, Nexus  
  25  2:09  Probe, Gateway  
  26  2:18  Cybernetics Core  
  26  2:21  Probe, Zealot  
  29  2:29  Pylon  
  29  2:33  Probe  
  30  2:46  Probe  
  30  2:51  Pylon  
  31  2:55  Assimilator  
  31  2:58  Probe, Warp Gate  
  32  3:03  Zealot x2  
  36  3:06  Probe  
  37  3:14  Probe  
  38  3:24  Probe  
  39  3:27  Probe  
  39  3:30  Stalker x2  
  44  3:35  Probe  
  44  3:36  Probe  
  46  3:45  Probe  
  47  3:48  Probe  
  47  3:51  Pylon  
  48  3:57  Probe  
  48  4:00  Probe  
  48  4:02  Gateway  
  50  4:03  Stalker  
  50  4:04  Zealot  
  54  4:12  Probe  
  54  4:13  Probe, Twilight Council  
  56  4:22  Pylon  
  56  4:25  Probe  
  56  4:26  Probe  
  56  4:31  Assimilator  
  58  4:33  Probe  
  58  4:34  Probe  
  58  4:35  Assimilator  
  59  4:42  Probe x2  
  60  4:47  Pylon  
  60  4:51  Charge  
  60  4:52  Robotics Facility  
  62  4:53  Probe  
  62  4:54  Probe  
  64  5:02  Stalker x2  
  64  5:03  Stalker  
  66  5:27  Gateway  
  66  5:32  Zealot x2  
  66  5:33  Stalker  
  72  5:43  Robotics Facility  
  43  6:32  Zealot  
  43  6:33  Zealot x3  
  46  6:59  Zealot x4  
  54  7:04  Blink  
  50  7:20  Stalker x3  
  50  7:21  Stalker  
  58  7:47  Probe  
  59  7:55  Probe  
  59  7:56  Stalker x2  
  59  7:57  Zealot x2  
  67  8:04  Probe  
  69  8:17  Probe  
  69  8:18  Pylon  
  70  8:24  Nexus  
  70  8:28  Pylon  
  70  8:53  Zealot x3  
  70  8:54  Zealot  
Show
View Real Time Build Order
Export as new Build Order

PureLegacy Terran - Winner!

Build Orders: Reaper Expand 

Get SALT Encoding   

  12  0:00  SCV  
  13  0:12  SCV  
  14  0:18  Supply Depot  
  14  0:25  SCV  
  15  0:39  SCV  
  15  0:42  Barracks  
  16  0:44  Refinery  
  16  0:51  SCV  
  17  1:04  SCV  
  18  1:16  SCV  
  19  1:29  Orbital Command  
  19  1:30  Reaper  
  20  1:43  Command Center  
  20  1:55  SCV, Supply Depot  
  21  2:03  Barracks Reactor  
  21  2:07  SCV  
  22  2:11  Barracks  
  22  2:16  Barracks  
  22  2:19  SCV  
  23  2:30  Supply Depot  
  23  2:34  SCV  
  24  2:42  Marine x2  
  26  2:46  SCV  
  27  2:55  Orbital Command  
  27  2:56  Refinery  
  27  3:01  Marine x2  
  27  3:02  Marine  
  27  3:03  SCV  
  31  3:06  Barracks Tech Lab  
  31  3:16  SCV  
  31  3:19  Marine x2  
  34  3:21  Marine  
  34  3:23  SCV  
  36  3:27  Marine  
  36  3:28  Stimpack, SCV  
  38  3:35  SCV  
  38  3:37  Factory  
  38  3:40  SCV  
  40  3:43  Marine x2  
  40  3:44  Marine  
  40  3:47  SCV  
  44  3:51  Supply Depot  
  44  3:55  SCV  
  44  3:56  Marine  
  44  3:59  SCV  
  46  4:02  Engineering Bay  
  46  4:07  SCV  
  46  4:08  Marine x3  
  50  4:14  Marine  
  50  4:16  SCV  
  52  4:17  Supply Depot  
  52  4:19  SCV  
  52  4:22  Starport, Factory Reactor  
  53  4:28  SCV  
  53  4:29  Marine x2  
  57  4:32  Marine  
  57  4:34  SCV  
  57  4:36  Terran Infantry Weapons Level 1  
  59  4:40  SCV  
  60  4:46  SCV  
  60  4:49  Barracks Reactor  
  60  4:52  Barracks, SCV  
  61  4:53  Barracks  
  61  4:54  Refinery  
  61  4:57  Refinery  
  61  4:59  Supply Depot, SCV  
  62  5:07  SCV  
  62  5:10  Medivac x2  
  62  5:12  SCV  
  68  5:16  Factory Tech Lab  
  68  5:20  Supply Depot  
  68  5:21  Supply Depot  
  68  5:24  Marine  
  68  5:25  Marine x2  
  71  5:28  Combat Shield  
  71  5:29  SCV x2  
  73  5:35  Marine x2  
  73  5:37  Siege Tank  
  78  5:47  Barracks Reactor x2  
  78  5:52  Supply Depot  
  78  5:53  Marine x4, Supply Depot  
  82  5:58  Marine  
  83  6:06  Supply Depot  
  83  6:09  Medivac x2  
  83  6:11  Marine x4  
  88  6:15  Marine  
  92  6:24  Marine  
  92  6:25  Marine x3  
  96  6:27  Siege Tank  
  96  6:28  Marine  
  96  6:29  Marine x3  
  96  6:30  Terran Infantry Armor Level 1  
  103  6:33  Marine  
  104  6:42  Marine x2  
  104  6:43  Marine  
  104  6:46  Marine x2  
  107  6:52  Medivac x2  
  106  7:08  Marine x5  
  106  7:10  Marine x2  
  106  7:15  Marine x2  
  114  7:21  Siege Tank  
  117  7:23  Medivac  
  117  7:26  Marine  
  117  7:29  Marine x4, Medivac  
  124  7:30  Marine  
  124  7:31  Marine  
  124  7:42  Marine  
  121  7:44  Marine x2  
  121  7:47  Marine  
  121  7:49  Marine x2  
  121  7:50  Marine x2  
  127  7:53  Siege Tank, Medivac  
  127  7:57  Marine  
  130  7:59  Medivac  
  130  8:00  Marine  
  130  8:02  Marine x2  
  132  8:06  Supply Depot x3  
  132  8:12  Marine x2  
  132  8:17  Supply Depot  
  134  8:27  Marine x3  
  134  8:28  Siege Tank  
  143  8:55  Command Center  
Show
View Real Time Build Order
Export as new Build Order

Funkmasta Protoss 

Build Orders:  

Get SALT Encoding   

  12  0:01  Probe  
  13  0:13  Probe  
  14  0:20  Pylon  
  14  0:25  Probe  
  15  0:36  Probe  
  15  0:38  Gateway  
  16  0:44  Probe  
  16  0:49  Assimilator  
  17  0:52  Probe  
  18  0:58  Assimilator  
  18  1:03  Probe  
  19  1:11  Probe  
  19  1:16  Pylon  
  20  1:19  Probe  
  21  1:31  Probe  
  22  1:34  Cybernetics Core  
  22  1:43  Probe  
  23  1:49  Pylon  
  23  1:55  Probe, Warp Gate  
  24  2:07  Probe  
  25  2:11  Gateway  
  25  2:35  Nexus  
  25  2:39  Adept  
  27  2:45  Probe  
  28  2:55  Gateway  
  28  2:57  Probe  
  27  3:21  Probe  
  28  3:29  Gateway  
  28  3:33  Probe  
  28  3:34  Assimilator x2  
  29  3:43  Gateway  
  29  3:45  Probe  
  30  3:48  Probe  
  31  3:59  Pylon  
  31  4:08  Sentry x2  
  31  4:09  Sentry  
  37  4:16  Probe x2  
  39  4:24  Stalker  
  41  4:28  Probe x2, Stalker  
  45  4:38  Sentry  
  47  4:40  Probe x2  
  47  4:44  Adept  
  51  4:50  Stalker  
  49  5:14  Stalker x2  
  49  5:15  Stalker x3  
  49  5:18  Probe  
  60  5:32  Probe x2  
  62  5:52  Probe x2  
  58  6:00  Stalker x4  
  62  6:15  Pylon  
  62  6:17  Pylon  
  62  6:29  Nexus  
  62  6:32  Assimilator  
  62  6:33  Probe  
  62  6:34  Probe  
  62  6:36  Stalker  
  62  6:37  Stalker x3  
  70  6:49  Adept  
  58  6:58  Twilight Council  
  58  7:01  Stalker x3  
  56  7:06  Stalker  
  48  7:16  Stalker  
  48  7:26  Stalker x3  
  50  7:33  Pylon  
  44  7:42  Adept x2  
  42  7:50  Adept x3  
  39  7:53  Probe  
  39  7:54  Probe x2  
  34  8:06  Probe x3  
  37  8:29  Dark Shrine  
  37  8:36  Adept x3  
Show
View Real Time Build Order
Export as new Build Order

Frumious Zerg 

Build Orders: Pool First 

Get SALT Encoding   

  12  0:01  Drone  
  13  0:17  Overlord  
  13  0:22  Drone  
  14  0:33  Overlord  
  14  0:36  Drone  
  15  0:43  Drone  
  16  1:00  Spawning Pool  
  16  1:03  Extractor  
  16  1:04  Drone  
  15  1:12  Drone  
  16  1:37  Drone  
  16  1:38  Hatchery  
  16  1:47  Extractor  
  16  1:48  Drone  
  16  1:50  Drone  
  17  1:58  Spine Crawler  
  16  2:01  Drone  
  16  2:07  Drone  
  18  2:16  Metabolic Boost  
  18  2:32  Spine Crawler  
  16  2:39  Queen  
  18  2:49  Zergling x2  
  18  2:51  Drone  
  21  2:58  Queen  
  21  3:00  Zergling x2  
  21  3:01  Drone  
  21  3:02  Zergling x2  
  26  3:22  Drone, Zergling x2  
  28  3:27  Drone x3  
  31  3:39  Zergling x2  
  31  4:01  Drone x5  
  36  4:03  Overlord  
  36  4:05  Lair  
  36  4:09  Overlord, Extractor  
  35  4:21  Drone  
  35  4:22  Drone x2, Baneling Nest  
  37  4:25  Drone  
  37  4:30  Drone x2  
  40  4:37  Drone  
  41  4:43  Zergling x2  
  42  4:59  Drone x2, Overlord  
  44  5:00  Drone, Zergling x2  
  44  5:01  Zergling x2  
  47  5:07  Hatchery  
  47  5:13  Drone  
  47  5:14  Zergling x4, Drone x2  
  51  5:22  Spire  
  51  5:23  Extractor  
  51  5:26  Extractor  
  48  5:39  Zergling x4, Drone, Overlord  
  48  5:42  Overseer  
  50  5:44  Pneumatized Carapace  
  50  5:45  Drone  
  51  6:02  Zergling x10  
  51  6:03  Drone, Zergling x4  
  53  6:22  Baneling x2  
  53  6:23  Baneling x3  
  53  6:24  Baneling  
  53  6:29  Spine Crawler  
  53  6:31  Spine Crawler  
  49  6:51  Drone x2, Overlord  
  49  6:52  Drone x3  
  53  6:54  Baneling  
  53  6:55  Baneling  
  43  7:09  Drone x2  
  34  7:36  Spawning Pool  
  33  7:49  Drone x3  
  33  7:50  Drone, Overlord  
  37  8:23  Zergling x2  
  37  8:24  Zergling x10  
Tags
 
Add a new tag
Caveats
  • Supply blocks, unpowered buildings, or Contaminate may cause inaccurate times.
  • Supply counts are checked every 10 seconds.